 Dungeon Crawl Stone Soup version 0.19.0-11-g3fc08b3 (webtiles) character file.

72 Chiseanne the Magician (level 4, 30/30 HPs)
             Began as a Demonspawn Wizard on Nov 9, 2016.
             Quit the game on level 1 of the Dungeon.
             The game lasted 00:03:00 (1904 turns).

Chiseanne the Magician (Demonspawn Wizard)          Turns: 1904, Time: 00:03:02

Health: 30/30      AC:  5    Str:  7    XL:     4   Next: 6%
Magic:  9/9        EV: 12    Int: 21    God:
Gold:   118        SH:  0    Dex: 11    Spells: 1 memorised, 9 levels left

rFire  + . .     SeeInvis .     m - +1 mace (crush)
rCold  . . .     Gourm    .     a - +0 robe
rNeg   . . .     Faith    .     (no shield)
rPois  .         Spirit   .     b - +0 hat
rElec  .         Reflect  .     (no cloak)
rCorr  .         Harm     .     (no gloves)
MR     .....                    l - +0 pair of boots
Stlth  +++.......               (no amulet)
                                (no ring)
                                (no ring)

@: no status effects
A: slimy green scales 1, fire resistance 1, nightstalker 1
a: no special abilities


You were on level 1 of the Dungeon.
You were not hungry.

You visited 1 branch of the dungeon, and saw 2 of its levels.

You collected 118 gold pieces.

Inventory:

Hand Weapons
 m - a +1 mace of crushing (weapon)
Missiles
 e - 21 sling bullets
 g - 13 poisoned needles
 h - 8 javelins (quivered)
 i - 13 stones
 n - 33 arrows
Armour
 a - a +0 robe (worn)
 b - a +0 hat (worn)
 l - a +0 pair of boots (worn)
Potions
 f - a potion of brilliance {unknown}
 j - a potion of mutation {unknown}
 k - a potion of haste {unknown}
 o - 2 potions of cancellation
 q - 2 potions of lignification {unknown}
 r - a potion of might
Books
 c - a book of Minor Magic

   Spells                             Type                      Level
   a - Magic Dart                     Conjuration                  1
   b - Blink                          Translocation                2
   c - Call Imp                       Summoning                    2
   d - Repel Missiles                 Charms/Air                   2
   e - Slow                           Hexes                        2
   f - Conjure Flame                  Conjuration/Fire             3
   g - Mephitic Cloud                 Conjuration/Poison/Air       3
Comestibles
 d - a bread ration
 p - 3 chunks of flesh


   Skills:
 - Level 1.7 Dodging
 - Level 1.7 Stealth
 * Level 3.9 Spellcasting
 * Level 2.8 Conjurations
   Level 1.0 Summonings
   Level 0.8 Translocations


You had 9 spell levels left.
You knew the following spells:

 Your Spells              Type           Power        Failure   Level  Hunger
a - Magic Dart            Conj           ###.         4%          1    None


Dungeon Overview and Level Annotations

Branches:
Dungeon (2/15)

Altars:


Innate Abilities, Weirdness & Mutations

You are partially covered in slimy green scales. (AC +2)
Your flesh is heat resistant. (rF+)
You are slightly more attuned to the shadows.


Message History

Confirm with . or Enter, or press ? or * to list all spells.
You don't have enough magic to cast that spell.
You hit the gnoll.
The gnoll is severely wounded.
The gnoll barely misses you.
You hit the gnoll.
You kill the gnoll!
You have reached level 4!
You feel clever.
Your demonic ancestry asserts itself...
You slip into the darkness of the dungeon.
You see here a gnoll corpse.
You butcher the gnoll corpse.
p - 4 chunks of flesh Eating one of 4 chunks of flesh.
You start eating one of the 4 chunks of flesh.
This raw flesh tastes terrible.
Your magical contamination has completely faded away.
Are you sure you want to abandon this character and quit the game? (Confirm with "yes".)
Okay, then.
Are you sure you want to abandon this character and quit the game? (Confirm with "yes".)

#...##............######....
###.##.....##.............##
#.##..#.......#.######.##
#.##..#.###.###.# #.#
#.##......#.# #.# #.#
#.......#.#.# #.# #.#
#..#..).#.#.# #.# #.###
#..#.#..#.#.# #.# #.##.
#..#.#...@..###.######.##.
#..#.......)..............
##..#.#......##.#.###.#....
#...#.#..#.#.##.#.###.#.##.
#.#...#.................###
#...###.......รท.........# #
###...............#.....###
##########.###..#........
#.# #..###.....#


There were no monsters in sight!

Vanquished Creatures
  3 gnolls
  A worm (D:2)
  A dart slug (D:1)
  2 leopard geckos
  6 bats
  A giant cockroach (D:1)
  7 goblins
  5 hobgoblins
  A ball python (D:1)
  3 kobolds
  6 rats
36 creatures vanquished.

Notes
Turn   | Place    | Note
-------+----------+-------------------------------------------
     0 | D:1      | Chiseanne the Demonspawn Wizard began the quest for the Orb.
     0 | D:1      | Reached XP level 1. HP: 13/13 MP: 4/4
   409 | D:1      | Gained mutation: You are partially covered in slimy green scales. (AC +2) [demonic ancestry]
   409 | D:1      | Reached XP level 2. HP: 19/19 MP: 0/6
  1078 | D:2      | Found a faded altar of an unknown god.
  1140 | D:2      | Gained mutation: Your flesh is heat resistant. (rF+) [demonic ancestry]
  1140 | D:2      | Reached XP level 3. HP: 24/24 MP: 5/8
  1801 | D:1      | Gained mutation: You are slightly more attuned to the shadows. [demonic ancestry]
  1801 | D:1      | Reached XP level 4. HP: 19/30 MP: 0/9
  1904 | D:1      | Quit the game

Skill      XL: |  1  2 |
---------------+-------+-----
Conjurations   | 2 |  2.8
Dodging        | |  1.7
Stealth        | |  1.7
Spellcasting   | |  3.9
Summonings     | |  1.0
Translocations | |  0.8

Action                   |  1- 3 |  4- 6 || total
-------------------------+-------+-------++-------
Melee: Unarmed           |    12 |       ||    12
       Mace              |    15 |       ||    15
 Cast: Magic Dart        |    90 |       ||    90
  Use: Scroll            |     4 |       ||     4
  Eat: Chunk             |     2 |     1 ||     3
Armor: Robe              |     7 |       ||     7
Dodge: Dodged            |    27 |       ||    27
